AoeStats
← Governor1234

Arena

510250170Analyzed
1v1 RM · 3d ago on Sep 30, 2026· 32m 24s· 2 players
Game mode
Random Map
Map size
Tiny (2 player)
Population
200
Speed
Normal
Resources
Standard
Victory
Conquest
Starting age
Dark Age
Ending age
Imperial Age
RankedLock teamsTeams togetherTeam positionsShared explorationLock speedFull tech treeHidden civsTurbo modeCheats
Victory
Defeat
🇨🇳 Varangians · China
466
+15
🇨🇳 Vikings · China
450
-23
Governor1234
12:04 Feudal Age
12:30 Double-Bit Axe
12:46 Gold Mining
12:47 Stone Mining
16:32 Scale Mail Armor
23:20 Castle Age
24:12 Bow Saw
24:20 Chain Mail Armor
24:17 Forging
23:58 Town Watch
26:00 Pikeman
26:42 Squires
26:28 Arson
29:55 Town Patrol
30:39 Iron Casting
AroNe1
10:16 Feudal Age
14:37 Castle Age
13:37 Loom
13:47 Double-Bit Axe
15:31 Horse Collar
23:03 Bow Saw
26:09 Loom
26:59 Wheelbarrow
26:09 Town Watch
26:39 Heavy Plow
29:35 Imperial Age
27:24 Forging
27:14 Scale Mail Armor
27:05 Fletching
30:06 Squires
29:36 Gothikon
30:37 Conscription
31:05 Chain Mail Armor
31:26 Iron Casting
30:47 Bodkin Arrow
31:48 Gold Mining
31:53 Stone Mining
31:55 Arson
32:36 Ballistics
33:16 Chemistry
31:57 Treadmill Crane
32:27 Masonry
33:27 Crop Rotation
33:59 Two-Man Saw
Connection lost

Rejoining the realm…

Still unreachable

The connection could not be restored.

Session expired

The server has moved on; the page needs a fresh start.